 Dungeon Crawl Stone Soup version 0.31.0-11-ge490571c62 (webtiles) character file.

Game seed: 6415426355914302949

127418 Flugkiller the Thaumaturge (level 17, -1/140 HPs)
             Began as a Ghoul Fire Elementalist on Jan 29, 2024.
             Was the Champion of Vehumet.
             Engulfed by a cloud of thunder (24 damage)
             ... on level 3 of the Snake Pit.
             The game lasted 00:31:05 (24506 turns).

Flugkiller the Thaumaturge (GhFE)                  Turns: 24506, Time: 00:31:06

Health: -1/140     AC: 23    Str: 14    XL:     17   Next: 1%
Magic:  10/35      EV: 11    Int: 26    God:    Vehumet [******]
Gold:   2383       SH: 10    Dex:  9    Spells: 23/44 levels left

rFire   + . .        i - staff "Hettuuri" {rF+ Conj Fire Alchemy}
rCold   + + .        D - +0 kite shield
rNeg    + + +        a - +0 steam dragon scales
rPois   ∞            R - +2 helmet
rElec   .            N - +1 cloak {Will+}
rCorr   .            H - +2 pair of gloves
SInv    .            e - +2 pair of boots
Will    ++...        B - amulet of the Gloaming {RegenMP Rampage rC+ Slay+6 Stlth+}
Stlth   +++          C - +6 ring of intelligence
HPRegen 0.43/turn    p - +4 ring of protection
MPRegen 0.64/turn

%: rampage
@: no status effects
A: claws 1, cold resistance 1, negative energy resistance 3, inhibited
regeneration, torment resistance 2, devour on kill
a: Renounce Religion


You were on level 3 of the Snake Pit.
You worshipped Vehumet.
Vehumet was exalted by your worship.
You visited 5 branches of the dungeon, and saw 26 of its levels.
You also visited: Ossuary.

You collected 3175 gold pieces.
You spent 792 gold pieces at shops.

Inventory:

Hand Weapons
 m - a +2 dagger of venom
   (You took it off an orc on level 3 of the Dungeon)
 y - a +2 dagger of distortion
   (You took it off an orc wizard on level 6 of the Dungeon)
Missiles
 O - a curare-tipped dart (quivered)
Armour
 a - +0 steam dragon scales (worn)
   (You found it on level 5 of the Dungeon)
 e - a +2 pair of boots (worn)
   (You found it on level 1 of the Dungeon)
 l - a scarf of repulsion
   (You found it on level 1 of the Dungeon)
 u - a +0 robe of willpower
   (You took it off a burial acolyte in an ossuary)
 D - a +0 kite shield (worn)
   (You found it on level 10 of the Dungeon)
 H - a +2 pair of gloves (worn)
   (You found it on level 1 of the Dungeon)
 N - a +1 cloak of willpower (worn)
   (You took it off Maurice on level 11 of the Dungeon)
 R - a +2 helmet (worn)
   (You bought it in a shop on level 7 of the Dungeon)
Magical Staves
 i - the staff "Hettuuri" (weapon) {rF+ Conj Fire Alchemy}
   (You acquired it on level 4 of the Dungeon)

   [staff of fire]

   Base accuracy: +5 Base damage: 5 Base attack delay: 1.2 This weapon's minimum
   attack delay (0.6) is reached at skill level 12.
   rF+:       It protects you from fire.
   Conj:      It increases the power of your Conjurations spells.
   Fire:      It increases the power of your Fire spells.
   Alchemy:   It increases the power of your Alchemy spells.
   It falls into the 'Staves' category.
   It is a one-clawed weapon.
Jewellery
 p - a +4 ring of protection (right hand)
   (You found it on level 14 of the Dungeon)
 x - a ring of fire
   (You found it on level 2 of the Dungeon)
 B - the amulet of the Gloaming (around neck) {RegenMP Rampage rC+ Slay+6 Stlth+}
   (You acquired it on level 6 of the Dungeon)

   [amulet of magic regeneration]

   RegenMP:   It increases your rate of magic regeneration.
   Slay+6:    It affects your accuracy & damage with ranged weapons and melee
   (+6).
   rC+:       It protects you from cold.
   Rampage:   It bestows one free step when moving towards enemies.
   Stlth+:    It makes you more stealthy.
 C - a +6 ring of intelligence (left hand)
   (You found it on level 1 of the Dungeon)
 M - an amulet of reflection
   (You found it on level 9 of the Dungeon)
 S - a ring of magical power
   (You found it on level 2 of the Snake Pit)
 X - a +6 ring of strength
   (You found it on level 4 of the Dungeon)
 Y - an amulet of the acrobat
   (You found it on level 3 of the Snake Pit)
 Z - a ring of resist corrosion
   (You found it on level 15 of the Dungeon)
Wands
 j - a wand of flame (28)
   (You took it off an orc on level 3 of the Dungeon)
 k - a wand of mindburst (16)
   (You found it on level 2 of the Dungeon)
 A - a wand of charming (12)
   (You found it on level 5 of the Dungeon)
 E - a wand of iceblast (9)
   (You found it on level 7 of the Dungeon)
 G - a wand of polymorph (13)
   (You found it on level 7 of the Dungeon)
 P - a wand of quicksilver (9)
   (You took it off a kobold on level 10 of the Dungeon)
 U - a wand of digging (6)
   (You found it on level 4 of the Lair of Beasts)
Scrolls
 c - 4 scrolls of immolation
 f - 10 scrolls of fog
 g - 5 scrolls of amnesia
 r - 2 scrolls of identify
 s - 4 scrolls of poison
 t - 15 scrolls of teleportation
 z - a scroll of blinking
 F - a scroll of vulnerability
 I - a scroll of silence
 V - 8 scrolls of fear
 W - a scroll of revelation
Potions
 b - a potion of magic
 d - 3 potions of might
 h - 3 potions of haste
 n - 2 potions of resistance
 o - 4 potions of attraction
 q - 9 potions of curing
 v - 2 potions of cancellation
 w - a potion of heal wounds
 J - a potion of ambrosia
 K - 2 potions of brilliance
 L - a potion of mutation {unknown}
 Q - a potion of invisibility {unknown}
Miscellaneous
 T - a lightning rod (4/4)
   (You found it on level 3 of the Lair of Beasts)


   Skills:
 - Level 10.0 Fighting
 + Level 8.9 Armour
 - Level 5.0 Dodging
 - Level 2.1 Stealth
 - Level 10.0 Shields
 - Level 14.0 Spellcasting
 - Level 10.0 Conjurations
 - Level 10.8 Fire Magic
 - Level 6.0 Alchemy
 - Level 5.0 Evocations


You had 23 spell levels left.
You knew the following spells:

 Your Spells              Type           Power      Damage    Failure   Level
a - Foxfire               Conj/Fire      100%       2x1d9     1%          1
b - Scorch                Fire           100%       2d9       1%          2
c - Flame Wave            Conj/Fire      100%       2d21      1%          4
d - Inner Flame           Hex/Fire       62%        N/A       1%          3
e - Starburst             Conj/Fire      52%        6d14      4%          6
i - Irradiate             Conj/Alch      47%        3d27      2%          5

Your spell library contained the following spells:

 Spells                   Type           Power      Damage    Failure   Level
 Magic Dart               Conj           100%       1d8       1%          1
 Searing Ray              Conj           100%       2d8       1%          2
 Static Discharge         Conj/Air       100%       3-8/arc   1%          2
 Dazzling Flash           Conj/Hex       100%       N/A       1%          3
 Volatile Blastmotes      Fire/Tloc      100%       2d18      1%          3
 Fulminant Prism          Conj/Alch      47%        3d21      1%          4
 Ignite Poison            Fire/Alch      96%        N/A       1%          4
 Cigotuvi's Dreadful Rot  Necr/Alch/Air  84%        N/A       4%          2
 Frozen Ramparts          Ice            36%        1d6       6%          3
 Blink                    Tloc           36%        N/A       11%         2
 Call Imp                 Summ           36%        N/A       11%         2
 Ensorcelled Hibernation  Hex/Ice        36%        N/A       11%         2
 Lesser Beckoning         Tloc           36%        N/A       11%         2
 Freezing Cloud           Conj/Ice/Air   26%        6-21      13%         5
 Airstrike                Air            9%         2d(2-18)  17%         4
 Leda's Liquefaction      Alch/Erth      25%        N/A       21%         4
 Petrify                  Alch/Erth      50%        N/A       21%         4
 Gell's Gravitas          Tloc           18%        N/A       22%         3
 Passwall                 Erth           18%        N/A       22%         3
 Swiftness                Air            18%        N/A       22%         3
 Teleport Other           Tloc           18%        N/A       22%         3
 Eringya's Noxious Bog    Alch           32%        4d6       24%         6
 Bombard                  Conj/Erth      30%        9d5       32%         6
 Lee's Rapid Deconstruct  Erth           9%         3d7*      43%         5
 Manifold Assault         Tloc           18%        N/A       56%         4
 Summon Lightning Spire   Summ/Air       18%        N/A       56%         4
 Metabolic Englaciation   Hex/Ice        9%         N/A       89%         5
 Summon Forest            Summ/Tloc      9%         N/A       89%         5
 Summon Mana Viper        Hex/Summ       18%        N/A       89%         5
 Dispersal                Tloc           9%         N/A       100%        6
 Summon Cactus Giant      Summ           9%         N/A       100%        6
 Summon Hydra             Summ           9%         N/A       100%        7
 Maxwell's Capacitive Co  Air            9%         ∞         100%        8
 Polar Vortex             Ice            9%         12d1*     100%        9


Dungeon Overview and Level Annotations

Branches:
Dungeon (15/15) Zot: 25164  Temple (1/1) D:4 Zot: 5949    Lair (5/5) D:9 Zot: 25575
 Shoals (0/4) Lair:3        Snake (3/4) Lair:3 Zot: 14831   Slime (0/5) Lair:4
    Orc (2/2) D:9 Zot: 10867     Elf (0/3) Orc:2        Vaults (0/5) D:13
 Depths (0/4) D:15        Ossuary (visited)

Altars:
Ashenzari
Cheibriados
Dithmenos
Fedhas
Gozag
Hepliaklqana
Kikubaaqudgha
Makhleb
Nemelex Xobeh
Okawaru
Qazlal
Ru
Sif Muna
Trog
Uskayaw
Vehumet
Wu Jian
Xom
Yredelemnul
Jiyva

Shops:
D:3 *!**   D:6 ?*   D:7 [   D:10 (   Orc:1 *   Orc:2 =[*(   Snake:2 ==:
Snake:3 *

Portals:
Trove: D:11 (give +2 gold dragon scales)

Annotations:
D:6 1 runed translucent door, Crazy Yiuf
D:9 3 runed translucent doors, 4 transporters, GrimJard's ghost, journeyman HuFi
D:11 2 transporters, Skimidon's ghost, journeyman MiAr
D:14 Rupert
Lair:1 1 runed translucent door, noone's ghost, novice FeSu
Lair:4 1 runed translucent door
Orc:2 1 runed translucent door, kernmantle's ghost, journeyman OpWn


Innate Abilities, Weirdness & Mutations

You are immune to poison.
You have sharp fingernails.
Your flesh is cold resistant. (rC+)
You are immune to negative energy. (rN+++)
You do not regenerate when monsters are visible.
You are immune to unholy pain and torment.
You thrive by killing the living.


Message History

Casting: Starburst (dangerous; 4% risk of failure)
Confirm with . or Enter, or press ? or * to list all spells.
You can't see any susceptible monsters within range! (Use Z to cast anyway.)
You see here a shock serpent corpse.
Found a stone staircase leading down.
A mana viper comes into view.
A mana viper is nearby!
Unknown command.
Found a leather armour.
The mana viper hisses angrily.
A shock serpent comes into view.
You rampage towards the mana viper!
You barely miss the mana viper. The mana viper bites you.
You feel your power leaking away.
The mana viper bites you but does no damage.
The shock serpent hisses angrily.
Casting: Starburst (dangerous; 4% risk of failure)
Confirm with . or Enter, or press ? or * to list all spells.
You feel a strong surge of power!
The bolt of fire hits the shock serpent!!!
The shock serpent is severely wounded.
The bolt of fire hits the mana viper!!!
The mana viper is almost dead.
The shock serpent's electric aura discharges violently, shocking you!
The shock serpent bites you but does no damage.
You block the mana viper's attack.
The shock serpent shoots out a bolt of lightning at you!
The bolt of electricity misses you. x2
Casting: Starburst (dangerous; 4% risk of failure)
Confirm with . or Enter, or press ? or * to list all spells.
You feel a strong surge of power!
The bolt of fire hits the mana viper!!!
You kill the mana viper!
Vehumet accepts your kill.
You feel your power returning.
The bolt of fire hits the shock serpent!!!
You kill the shock serpent!
Vehumet accepts your kill.
You feel better.
You feel your power returning.
The air sparks with electricity, shocking you!
You have reached level 17!
You start resting.
HP restored.
Magic restored.
Found a stone staircase leading down.
Found a scroll of enchant weapon.
You see here a scroll of enchant weapon.
Bai Suzhen and a naga come into view.
Found a scroll of immolation.
There are monsters nearby!
Unknown command.
The naga shouts!
Casting: Starburst (dangerous; 4% risk of failure)
Confirm with . or Enter, or press ? or * to list all spells.
You feel a strong surge of power!
The bolt of fire hits Bai Suzhen!!!
Bai Suzhen is moderately wounded.
The naga spits poison at you. The splash of poison misses you.
Bai Suzhen roars!
A five-headed hydra appears.
Casting: Starburst (dangerous; 4% risk of failure)
Confirm with . or Enter, or press ? or * to list all spells.
You feel a strong surge of power!
The bolt of fire hits Bai Suzhen!!!
Bai Suzhen roars in fury and transforms into a fierce dragon!
Bai Suzhen is heavily wounded.
Casting: Starburst (dangerous; 4% risk of failure)
Confirm with . or Enter, or press ? or * to list all spells.
You feel a strong surge of power!
The bolt of fire hits Bai Suzhen!!!
Bai Suzhen is severely wounded.
You are engulfed in a thunderstorm.
Bai Suzhen bites you but does no damage.
Bai Suzhen claws you but does no damage.
You block Bai Suzhen's attack.
Casting: Starburst (dangerous; 4% risk of failure)
Confirm with . or Enter, or press ? or * to list all spells.
You feel a strong surge of power!
The bolt of fire hits Bai Suzhen!!!
Bai Suzhen is almost dead.
The bolt of fire hits the naga!!!
You kill the naga!
Vehumet accepts your kill.
You feel your power returning.
You are engulfed in a thunderstorm.
Bai Suzhen bites you.
Bai Suzhen claws you but does no damage.
Bai Suzhen tramples you!
You stumble backwards!
Casting: Starburst (dangerous; 4% risk of failure)
Confirm with . or Enter, or press ? or * to list all spells.
You feel a strong surge of power!
The bolt of fire hits Bai Suzhen!
Bai Suzhen is almost dead.
You are engulfed in a thunderstorm.
* * * LOW HITPOINT WARNING * * *
Bai Suzhen bites you but does no damage.
You block Bai Suzhen's attack.
Bai Suzhen tramples you but does no damage.
Casting: Starburst (dangerous; 4% risk of failure)
Confirm with . or Enter, or press ? or * to list all spells.
You feel a strong surge of power!
The bolt of fire hits Bai Suzhen!!!
You kill Bai Suzhen!
Vehumet accepts your kill.
You feel your power returning.
The five-headed hydra disappears in a puff of smoke!
You are engulfed in a thunderstorm.
You die...

.. ###. #. ####.####
...#. # #.#.....##
..... ## #........#
..... .##
##........# ....
..## ##.........##
... #..##
#...§)....... ##..#
#.....§....?# #..##
#..@.§§...# # # #.##
#..§§§.##.###.######
.##
##..#####.#..#..#...
.## ##.....#...#
##>... ..#
#.###......###..#..
..##
..##........##.####.
...# #.#
#.?.....##.## ##
...#### ##
##......#..# #
......#
#.###........## #


There were no monsters in sight!

Vanquished Creatures
  Bai Suzhen (Snake:3)
  Aizul (Snake:1)
  A nagaraja (Snake:2)
  A very ugly thing (D:13)
  Snorg (D:14)
  Josephine (Orc:1)
  Fannar (D:11)
  6 hydras
  4 vault guards (D:13)
  Erolcha (Orc:2)
  9 centaur warriors
  2 catoblepae
  6 death yaks (Lair:2)
  2 ogre magi (Orc:2)
  5 anacondas
  4 boulder beetles
  12 two-headed ogres
  A tengu warrior (D:14)
  3 naga warriors
  4 naga sharpshooters
  An occultist (D:15)
  7 shock serpents
  2 skeletal warriors (D:15)
  A salamander mystic (Snake:2)
  4 skysharks
  2 spark wasp zombies (D:15)
  A goliath frog (Lair:5)
  2 deep trolls (Orc:2)
  5 naga ritualists
  A flayed ghost (D:15)
  6 mana vipers
  A necromancer (D:15)
  An orc knight (D:15)
  6 ugly things
  A manticore (D:15)
  3 salamanders
  2 deep elf pyromancers (D:13)
  An orc sorcerer (Orc:2)
  Maurice (D:11)
  3 kobold blastminers
  6 cyclopes
  11 elephants
  A torpor snail (Lair:3)
  28 black mambas
  16 cane toads
  4 naga magi
  A gargoyle (D:13)
  4 unseen horrors
  An unseen horror zombie (D:9)
  A molten gargoyle (Lair:3)
  A kobold demonologist (D:11)
  A rime drake (Lair:4)
  9 komodo dragons
  Psyche (D:10)
  4 tengu conjurers
  A troll (shapeshifter) (D:13)
  11 trolls
  A polar bear (Lair:3)
  A hornet (D:9)
  19 blink frogs
  2 tyrant leeches (Lair:5)
  7 dream sheep (Lair:5)
  A snapping turtle (Lair:3)
  A spriggan skeleton (D:15)
  2 shadows (D:13)
  6 slime creatures (D:13)
  8 wraiths
  4 wyverns
  Sigmund (D:5)
  A spriggan (shapeshifter) (D:13)
  3 water elementals
  47 yaks
  A warg (Orc:2)
  5 basilisks
  7 humans (D:13)
  Grum (Lair:1)
  11 vampire mosquitoes
  4 steam dragons
  13 nagas
  2 acid dragons
  21 water moccasins
  2 ice beasts (D:5)
  11 orc warriors
  4 black bears
  2 laughing skulls (D:15)
  20 ogres
  4 boggarts (D:15)
  20 centaurs
  2 phantoms
  A weeping skull (Ossuary)
  18 wolves
  Blork the orc (D:5)
  14 bullfrogs
  2 gnoll sergeants
  A kobold brigand (D:10)
  A wyvern zombie (D:9)
  3 scorpions
  A burial acolyte (Ossuary)
  5 wights (D:8)
  6 electric eels
  A howler monkey (D:7)
  2 lava snakes (Lair:3)
  3 bombardier beetles
  A jelly (D:3)
  2 human zombies (Ossuary)
  8 orc priests
  A sleepcap (D:5)
  8 hounds
  4 iguanas
  26 orc wizards
  A hell rat (Lair:5)
  2 mummies (Ossuary)
  A howler monkey zombie (Ossuary)
  6 adders
  16 gnolls
  A shadow imp (D:6)
  A white imp (D:7)
  2 ribbon worms
  66 orcs
  10 ball pythons
  6 endoplasms
  5 giant cockroaches
  7 goblins
  4 hobgoblins
  12 kobolds
  7 quokkas
  5 bats
  3 frilled lizards
  2 kobold zombies (Ossuary)
  5 rats
723 creatures vanquished.

Vanquished Creatures (others)
  A human (D:13)
  320 foxfires
321 creatures vanquished.

Grand Total: 1044 creatures vanquished

Notes
Turn   | Place    | Note
-------+----------+-------------------------------------------
     0 | D:1      | Flugkiller the Ghoul Fire Elementalist began the quest for
                  | the Orb.
     0 | D:1      | Reached XP level 1. HP: 14/14 MP: 3/3
   342 | D:1      | Reached skill level 1 in Conjurations
   384 | D:1      | Reached XP level 2. HP: 20/20 MP: 2/4
   499 | D:1      | Reached skill level 2 in Spellcasting
   886 | D:2      | Reached XP level 3. HP: 26/26 MP: 1/6
  1274 | D:2      | Identified the +0 whip of the Fool {drain, rN+ MP-9 Str+3
                  | Int+7}
  1451 | D:2      | Reached XP level 4. HP: 5/33 MP: 0/7
  2360 | D:3      | Reached XP level 5. HP: 36/38 MP: 0/8
  2396 | D:3      | Found Raudor's Distillery.
  2502 | D:3      | Found a faded altar of an unknown god.
  2616 | D:3      | Found Corot's General Store.
  2677 | D:3      | Found Kuali's General Store.
  2743 | D:3      | Learned a level 2 spell: Scorch
  2939 | D:3      | Found Daycs's General Store.
  3340 | D:4      | Reached XP level 6. HP: 41/45 MP: 10/10
  3402 | D:4      | Reached skill level 3 in Spellcasting
  3442 | D:4      | Identified a scroll of acquirement
  3442 | D:4      | Acquired the staff "Hettuuri" {rF+ Conj Fire Alchemy}
  3770 | D:4      | Found a staircase to the Ecumenical Temple.
  3787 | Temple   | Entered the Ecumenical Temple
  3812 | Temple   | Became a worshipper of Vehumet
  3859 | D:4      | Found a sand-covered staircase.
  3866 | Ossuary  | Entered an ossuary
  3866 | Ossuary  | Found a huge runed translucent gate.
  3866 | Ossuary  | Found a huge runed translucent gate.
  3866 | Ossuary  | Found a huge runed translucent gate.
  3866 | Ossuary  | Found a huge runed translucent gate.
  3866 | Ossuary  | Found a huge runed translucent gate.
  3866 | Ossuary  | Found a huge runed translucent gate.
  3866 | Ossuary  | Found a huge runed translucent gate.
  3866 | Ossuary  | Found a huge runed translucent gate.
  3866 | Ossuary  | Found a huge runed translucent gate.
  3867 | Ossuary  | Found a huge runed translucent gate.
  3867 | Ossuary  | Found a huge runed translucent gate.
  3868 | Ossuary  | Found a huge runed translucent gate.
  3868 | Ossuary  | Found a huge runed translucent gate.
  3870 | Ossuary  | Found a huge runed translucent gate.
  3870 | Ossuary  | Found a huge runed translucent gate.
  3873 | Ossuary  | Found a huge runed translucent gate.
  3873 | Ossuary  | Found a huge runed translucent gate.
  3873 | Ossuary  | Found a huge runed translucent gate.
  3873 | Ossuary  | Found a huge runed translucent gate.
  3892 | Ossuary  | Found a huge runed translucent gate.
  3963 | Ossuary  | Found a huge runed translucent gate.
  3963 | Ossuary  | Found a huge runed translucent gate.
  3965 | Ossuary  | Found a huge runed translucent gate.
  3965 | Ossuary  | Found a huge runed translucent gate.
  3966 | Ossuary  | Found a huge runed translucent gate.
  3966 | Ossuary  | Found a huge runed translucent gate.
  3967 | Ossuary  | Found a huge runed translucent gate.
  3967 | Ossuary  | Found a huge runed translucent gate.
  3972 | Ossuary  | Found a huge runed translucent gate.
  3972 | Ossuary  | Found a huge runed translucent gate.
  3978 | Ossuary  | Learned a level 4 spell: Flame Wave
  4044 | Ossuary  | Found a huge runed translucent gate.
  4044 | Ossuary  | Found a huge runed translucent gate.
  4044 | Ossuary  | Found a huge runed translucent gate.
  4044 | Ossuary  | Found a huge runed translucent gate.
  4044 | Ossuary  | Found a huge runed translucent gate.
  4069 | Ossuary  | Reached XP level 7. HP: 49/50 MP: 2/11
  4090 | Ossuary  | Reached skill level 5 in Fire Magic
  4803 | D:5      | Entered Level 5 of the Dungeon
  4839 | D:5      | Noticed Sigmund
  4853 | D:5      | Killed Sigmund
  5113 | D:5      | Reached skill level 4 in Spellcasting
  5113 | D:5      | Reached XP level 8. HP: 57/57 MP: 6/14
  5153 | D:5      | Noticed Blork the orc
  5160 | D:5      | Killed Blork the orc
  5325 | D:5      | Reached * piety under Vehumet
  5325 | D:5      | Offered knowledge of Freeze by Vehumet.
  5566 | D:5      | Found a broken altar of Ashenzari.
  5578 | D:5      | Found a bloodstained altar of Trog.
  6112 | D:6      | Reached skill level 5 in Spellcasting
  6112 | D:6      | Reached XP level 9. HP: 58/62 MP: 11/16
  6127 | D:6      | Found Typsas's Assorted Antiques.
  6134 | D:6      | Offered knowledge of Sandblast by Vehumet.
  6284 | D:6      | Reached ** piety under Vehumet
  6572 | D:6      | Reached skill level 5 in Conjurations
  6594 | D:6      | Found Abliguz's Magic Scroll Shoppe.
  6609 | D:6      | Acquired the amulet of the Gloaming {RegenMP Rampage rC+
                  | Slay+6 Stlth+}
  6709 | D:6      | Found a runed translucent door.
  6710 | D:6      | Noticed Crazy Yiuf
  6776 | D:6      | Found a hazy altar of Hepliaklqana.
  6853 | D:7      | Found a burning altar of Makhleb.
  6853 | D:7      | Found a blossoming altar of Fedhas.
  7116 | D:7      | Found Detur's Armour Boutique.
  7389 | D:8      | Reached skill level 6 in Spellcasting
  7389 | D:8      | Reached XP level 10. HP: 64/69 MP: 15/19
  7394 | D:8      | Offered knowledge of Stone Arrow by Vehumet.
  7509 | D:8      | Found a sacrificial altar of Ru.
  7512 | D:8      | Reached *** piety under Vehumet
  8021 | D:9      | Noticed a two-headed ogre
  8028 | D:9      | Killed a two-headed ogre
  8028 | D:9      | Offered knowledge of Fulminant Prism by Vehumet.
  8122 | D:9      | Found a runed translucent gate.
  8122 | D:9      | Found a runed translucent gate.
  8122 | D:9      | Found a runed translucent gate.
  8122 | D:9      | Noticed GrimJard's ghost (journeyman HuFi)
  8124 | D:9      | Found a basalt altar of Yredelemnul.
  8190 | D:9      | You fall into a shaft and drop 3 floors!
  8202 | D:12     | Killed an unseen horror
  8203 | D:12     | Reached skill level 7 in Spellcasting
  8203 | D:12     | Reached skill level 10 in Fire Magic
  8243 | D:12     | Noticed a cyclops
  8379 | D:11     | Noticed Maurice
  8387 | D:11     | Killed Maurice
  8388 | D:11     | Reached XP level 11. HP: 74/74 MP: 12/21
  8458 | D:11     | Noticed a boulder beetle
  8471 | D:11     | Noticed Fannar
  8473 | D:10     | Entered Level 10 of the Dungeon
  8742 | D:9      | Found an ornate altar of the Wu Jian Council.
  8815 | D:9      | Found a staircase to the Lair.
  8859 | D:9      | Found a transporter.
  8861 | D:9      | Found a transporter.
  8867 | D:9      | Found a transporter.
  8884 | D:9      | Noticed a two-headed ogre
  9008 | D:9      | Learned a level 3 spell: Inner Flame
  9101 | D:9      | Found a staircase to the Orcish Mines.
  9203 | D:9      | Found a transporter.
  9361 | D:9      | Killed a two-headed ogre
  9651 | D:10     | Found Kufug's Weapon Boutique.
  9702 | D:10     | Noticed Psyche
  9713 | D:10     | Killed Psyche
  9827 | D:10     | Found a snail-covered altar of Cheibriados.
  9829 | D:10     | Reached **** piety under Vehumet
  9848 | D:10     | Reached skill level 1 in Fighting
  9857 | D:10     | Found a shadowy altar of Dithmenos.
  9910 | D:10     | Offered knowledge of Freezing Cloud by Vehumet.
 10017 | D:10     | Found a sparkling altar of Nemelex Xobeh.
 10239 | D:7      | Bought a +0 helmet for 72 gold pieces
 10339 | Lair:1   | Entered Level 1 of the Lair of Beasts
 10675 | D:10     | Killed a boulder beetle
 10823 | D:11     | Noticed a four-headed hydra
 10831 | D:11     | Killed a four-headed hydra
 10859 | D:11     | Found a transporter.
 10864 | D:11     | Noticed a manticore
 10865 | D:11     | Found a transporter.
 10865 | D:11     | Noticed Skimidon's ghost (journeyman MiAr)
 10880 | D:11     | Noticed a white ugly thing
 10919 | D:11     | Reached skill level 5 in Fighting
 11119 | D:11     | Found a portal to a secret trove of treasure.
 11247 | D:11     | Reached skill level 1 in Evocations
 11449 | Lair:1   | Reached XP level 12. HP: 95/95 MP: 10/23
 11611 | Lair:1   | Found a runed translucent door.
 11666 | Lair:1   | Noticed Grum
 11672 | Lair:1   | Killed Grum
 12041 | Lair:1   | Noticed noone's ghost (novice FeSu)
 12130 | Lair:2   | Reached skill level 5 in Evocations
 12134 | Lair:2   | Reached skill level 8 in Spellcasting
 12288 | Lair:2   | Noticed a death yak
 12290 | Lair:2   | Noticed a death yak
 12292 | Lair:2   | Noticed a death yak
 12293 | Lair:2   | Noticed a skyshark
 12298 | Lair:2   | Noticed a death yak
 12299 | Lair:2   | Noticed a death yak
 12300 | Lair:2   | Killed a skyshark
 12305 | Lair:2   | Killed a death yak
 12305 | Lair:2   | Noticed a death yak
 12306 | Lair:2   | Killed a death yak
 12307 | Lair:2   | Killed a death yak
 12308 | Lair:2   | Reached skill level 9 in Spellcasting
 12310 | Lair:2   | Killed a death yak
 12311 | Lair:2   | Killed a death yak
 12314 | Lair:2   | Killed a death yak
 12795 | Lair:2   | Reached skill level 10 in Spellcasting
 13045 | Lair:3   | Noticed a skyshark
 13052 | Lair:3   | Killed a skyshark
 13053 | Lair:3   | Reached XP level 13. HP: 91/107 MP: 22/27
 13071 | Lair:3   | Reached skill level 5 in Dodging
 13078 | Lair:3   | Reached skill level 1 in Shields
 13121 | Lair:3   | Reached ***** piety under Vehumet
 13121 | Lair:3   | Offered knowledge of Yara's Violent Unravelling by Vehumet.
 13446 | Lair:3   | Found a staircase to the Shoals.
 13563 | Lair:3   | Found a staircase to the Snake Pit.
 13936 | Lair:4   | Reached skill level 11 in Spellcasting
 13949 | Lair:4   | Reached skill level 5 in Shields
 14683 | Lair:4   | Found a runed translucent door.
 14684 | Lair:4   | Found a viscous altar of Jiyva.
 14685 | Lair:4   | Noticed an acid blob
 14685 | Lair:4   | Noticed an acid blob
 14687 | Lair:4   | Found a staircase to the Slime Pits.
 14688 | Lair:4   | Noticed an acid blob
 15054 | Lair:5   | Entered Level 5 of the Lair of Beasts
 15069 | Lair:5   | Reached XP level 14. HP: 108/115 MP: 29/29
 15086 | Lair:5   | Reached skill level 12 in Spellcasting
 15769 | D:11     | Killed Fannar
 15874 | D:12     | Reached skill level 10 in Shields
 16399 | D:13     | Reached ****** piety under Vehumet
 16403 | D:13     | Offered knowledge of Brom's Barrelling Boulder by Vehumet.
 16944 | D:13     | Reached XP level 15. HP: 112/126 MP: 26/31
 16962 | D:13     | Reached skill level 10 in Fighting
 17103 | D:13     | Reached skill level 13 in Spellcasting
 17257 | D:13     | Found a gate to the Vaults.
 17587 | D:14     | Noticed Rupert
 17693 | D:14     | Noticed Snorg
 17704 | D:14     | Killed Snorg
 18315 | D:15     | Entered Level 15 of the Dungeon
 18570 | D:15     | Reached skill level 14 in Spellcasting
 18576 | D:15     | Reached skill level 1 in Armour
 18614 | D:15     | Noticed Nessos
 18848 | D:15     | Nessos changed into Nessos the elephant
 18848 | D:15     | Noticed Nessos
 18855 | D:15     | Killed Nessos the elephant
 19320 | D:15     | Found a staircase to the Depths.
 19337 | D:15     | Reached skill level 5 in Armour
 20045 | Orc:1    | Entered Level 1 of the Orcish Mines
 20046 | Orc:1    | Found Ycziun's Assorted Antiques.
 20160 | Orc:1    | Noticed Josephine
 20167 | Orc:1    | Killed Josephine
 20389 | Orc:2    | Entered Level 2 of the Orcish Mines
 20521 | Orc:2    | Found a runed translucent door.
 20528 | Orc:2    | Noticed kernmantle's ghost (journeyman OpWn)
 20531 | Orc:2    | Reached XP level 16. HP: 133/134 MP: 32/34
 20534 | Orc:2    | Offered knowledge of Irradiate by Vehumet.
 20580 | Orc:2    | Found Aleac's Jewellery Boutique.
 20620 | Orc:2    | Found a staircase to the Elven Halls.
 20694 | Orc:2    | Found Buosafuj's Assorted Antiques.
 20694 | Orc:2    | Found Deume's Antique Armour Shop.
 20703 | Orc:2    | Found Yratsaupt's Antique Weapon Boutique.
 20741 | Orc:2    | Learned a level 5 spell: Irradiate
 20769 | Orc:2    | Noticed Erolcha
 20777 | Orc:2    | Killed Erolcha
 21341 | Snake:1  | Entered Level 1 of the Snake Pit
 21353 | Snake:1  | Reached skill level 1 in Alchemy
 21419 | Snake:1  | Reached skill level 10 in Conjurations
 22516 | Snake:1  | Identified the serpent talisman "Hajirphoenk" {Str+5 Dex-4}
 22516 | Snake:1  | Noticed Aizul
 22528 | Snake:1  | Killed Aizul
 22529 | Snake:1  | Reached skill level 5 in Alchemy
 22865 | Snake:2  | Got the Lectures on Geometric Ice
 23102 | Snake:2  | Noticed a nagaraja
 23113 | Snake:2  | Killed a nagaraja
 23569 | Snake:2  | Found Enyhurol's Jewellery Shoppe.
 23570 | Snake:2  | Found Anax Net's Book Shop.
 23571 | Snake:2  | Found Winup's Jewellery Shoppe.
 23687 | Snake:2  | Bought a book of Spectacle for 720 gold pieces
 23694 | Snake:2  | Learned a level 6 spell: Starburst
 23960 | Snake:3  | Found Maic Epn's Mayhem Merchandise.
 24412 | Snake:3  | Reached XP level 17. HP: 130/140 MP: 20/35
 24498 | Snake:3  | Noticed Bai Suzhen
 24506 | Snake:3  | Killed Bai Suzhen
 24506 | Snake:3  | Engulfed by a cloud of thunder

Illustrated notes

Levels and vault maps discovered:
D:1:      dpeg_arrival_radiant, layout_loops_ring
D:2:      layout_basic
D:3:      layout_loops_corners, serial_shops, nicolae_shop_trees, shop,
          nicolae_lakefront_shop, nicolae_shop_real_fake_doors,
          ebering_ecumenical_altar_mist
D:4:      layout_gridville, minmay_temple_entry_trees,
          nicolae_ossuary_entry_ruins
D:5:      layout_basic, tso_altar, kennysheep_mini, trog_ov_bears_minmay,
          uniq_sigmund, uniq_blork_the_orc
D:6:      layout_rooms, mainiacjoe_overflow_alcove_1, serial_shops,
          nicolae_shop_crystal, nicolae_shop_overgrown_old_shop,
          nicolae_tricolors, uniq_crazy_yiuf_cottage
D:7:      layout_basic, fedhas_altar_1, makhleb_heckhound_becter, serial_shops,
          nicolae_shop_just_a_little_nook
D:8:      layout_loops_ring, nicolae_ru_great_annihilating_truth
D:9:      layout_roguey, nicolae_yredelemnul_ghost_church,
          nzn_wu_jian_council_hall, dpeg_oklobed_lair, orc_0_dummy,
          minmay_parallelograms, nicolae_transporter_circle
D:10:     layout_cave_pools, mainiacjoe_overflow_boulevard,
          nicolae_overflow_crystal_walls, slow_altar_2, serial_glass,
          glass_columns_a, glass_columns_a, item_on_display_b,
          due_unseen_surprise, serial_shops, nicolae_diamond_shop, uniq_psyche
D:11:     layout_long_grid, gammafunk_ghost_arena, enter_trove_3, uniq_maurice,
          uniq_fannar
D:12:     layout_long_grid
D:13:     minmay_chambers_of_sevens, layout_basic, ximxim_vaults_locker_room,
          elyvilon_altar_5
D:14:     layout_cave_pods, chequers_serial_rivers_marsh, uniq_snorg,
          uniq_rupert
D:15:     gammafunk_depths_entry_grave, layout_basic, serial_glass,
          glass_columns_a, glass_columns_c, glass_columns_a, glass_columns_c,
          glass_columns_b, glass_columns_b, uniq_nessos
Temple:   hellmonk_temple_beads
Lair:1:   layout_chaotic_city, ebering_ghost_reflecting_pool, lemuel_fruit_tree,
          uniq_grum
Lair:2:   layout_cave_pods, serial_bayou_pond_e, serial_bayou_pond_d
Lair:3:   layout_gridlike, minmay_shoals_entry_hut,
          nicolae_snake_entry_warm_welcome, chequers_serial_rivers_marsh,
          nicolae_quartered_pool_impasse, infiniplex_staircase_pool
Lair:4:   layout_gridlike, slime_entry_2, nzn_random_ring
Lair:5:   minmay_lair_end_frog_pond, layout_misc_corridors
Snake:1:  layout_basic, nicolae_snake_gridmaze_spiral, uniq_aizul
Snake:2:  layout_misc_corridors, serial_library_hellmonk_u_bend,
          minmay_shop_grove
Snake:3:  layout_chambers, minmay_shop_mayhem, grunt_ministairs_3,
          minmay_shoptagon, uniq_bai_suzhen
Orc:1:    layout_caves, serial_shops, shop, nicolae_orc_takin'_care_of_business,
          uniq_josephine
Orc:2:    st_orc_open, layout_caves, ebering_ghost_reflecting_pool,
          abandoned_shop, mines4_lemuel, uniq_erolcha

Skill      XL: |  1  2  3  4  5  6  7  8  9 10 11 12 13 14 15 16 |
---------------+-------------------------------------------------+-----
Conjurations   | 1 2 3 4 5 6 7 8 10 | 10.0
Spellcasting   | 2 3 4 5 6 7 10 11 12 14 | 14.0
Fire Magic     | 3 4 5 7 8 10 | 10.8
Fighting       | 5 8 9 10 | 10.0
Evocations     | 3 5 |  5.0
Dodging        | 4 5 |  5.0
Shields        | 6 10 | 10.0
Armour         | 6 8 |  8.9
Alchemy        | 6 |  6.0
Stealth        | |  2.1

Action                     |  1- 3 |  4- 6 |  7- 9 | 10-12 | 13-15 | 16-18 || total
---------------------------+-------+-------+-------+-------+-------+-------++-------
  Melee: Unarmed           |     2 |    19 |       |       |       |       ||    21
         Dagger            |       |    33 |       |       |       |       ||    33
         Staff             |       |    17 |    36 |    13 |    28 |    17 ||   111
  Throw: Dart              |       |       |       |     2 |       |       ||     2
   Cast: Foxfire           |    49 |    82 |    51 |    14 |     2 |       ||   198
         Scorch            |       |    12 |    28 |    24 |    17 |     7 ||    88
         Flame Wave        |       |       |    32 |    70 |   180 |    54 ||   336
         Inner Flame       |       |       |       |     7 |       |       ||     7
         Starburst         |       |       |       |       |       |    31 ||    31
         Irradiate         |       |       |       |       |       |     8 ||     8
  Evoke: Wand              |     1 |       |     3 |       |     7 |     5 ||    16
         Lightning rod     |       |       |       |       |     3 |       ||     3
    Use: Scroll            |       |    15 |     3 |     6 |    12 |     1 ||    37
         Potion            |       |     2 |       |     3 |     1 |       ||     6
   Stab: Sleeping          |       |     1 |       |     2 |     1 |     1 ||     5
 Armour: Robe              |    11 |    48 |    81 |       |       |       ||   140
         Steam dragon scal |       |       |    13 |   123 |   414 |   166 ||   716
  Dodge: Dodged            |    15 |    51 |    58 |    71 |   185 |    57 ||   437
         Repelled          |       |     2 |     1 |       |       |       ||     3
  Block: Kite shield       |       |       |       |       |   162 |    84 ||   246
